AoeStats
← [Nors] ImSimon

Black Forest

510397401Analyzed
4v4 RM · 2d ago on Sep 30, 2026· 68m 50s· 8 players
Game mode
Random Map
Map size
Large (8 player)
Population
200
Speed
Normal
Resources
Standard
Victory
Conquest
Starting age
Dark Age
Ending age
Imperial Age
RankedLock teamsTeams togetherTeam positionsShared explorationLock speedFull tech treeHidden civsTurbo modeCheats
Victory
Defeat
🇨🇳 Bohemians · China
1686
+16
🇵🇪 Koreans · Peru
1561
+21
🇹🇷 Burgundians · Türkiye
1505
+23
🇩🇪 Khmer · Germany
1483
+25
🇳🇴 Chinese · Norway
1689
-22
🇳🇴 Shu · Norway
1687
-22
🇳🇴 Burmese · Norway
1671
-21
🇳🇴 Portuguese · Norway
1656
-20
CTM | KLIN
10:00 Feudal Age
13:52 Castle Age
13:15 Horse Collar
13:23 Double-Bit Axe
16:06 Bow Saw
18:21 Loom
24:04 Heavy Plow
25:51 Wheelbarrow
30:45 Imperial Age
28:38 Forging
28:32 Scale Mail Armor
28:55 Ballistics
29:40 Squires
29:00 Pikeman
30:05 Fletching
30:53 Iron Casting
30:34 Chain Mail Armor
30:22 Murder Holes
30:10 Treadmill Crane
30:23 Gold Mining
30:23 Stone Mining
31:15 Arrowslits
32:32 Chemistry
31:57 Conscription
31:45 Eupseong
31:14 Halberdier
33:01 Bodkin Arrow
33:49 Gold Shaft Mining
33:49 Stone Shaft Mining
33:50 Plate Mail Armor
36:53 Bracer
38:52 Arson
42:47 Heavy Rocket Cart
48:36 Capped Ram
51:21 Scale Barding Armor
52:17 Husbandry
51:38 Light Cavalry
52:34 Hussar
53:46 Chain Barding Armor
54:41 Hand Cart
54:12 Town Watch
54:39 Man-at-Arms
55:13 Long Swordsman
55:56 Two-Handed Swordsman
56:37 Champion
60:09 Caravan
67:20 Town Patrol
Envetel
1:14 Loom
12:16 Feudal Age
12:57 Double-Bit Axe
13:17 Fletching
14:56 Fishing Lines
18:10 Wheelbarrow
17:20 Town Watch
22:00 Castle Age
20:10 Horse Collar
24:11 Bodkin Arrow
28:52 Imperial Age
26:36 Fervor
27:12 Sanctity
28:07 Heavy Plow
28:25 Bow Saw
29:22 Chemistry
29:13 Redemption
29:15 Atonement
29:34 Gillnets
30:07 Block Printing
30:18 Illumination
30:37 Devotion
31:08 Bracer
32:45 Redemption
36:13 Theocracy
35:33 Herbal Medicine
36:28 Caravan
38:24 Siege Engineers
39:01 Hand Cart
40:04 Heresy
39:54 Town Patrol
39:35 Houfnice
42:16 Conscription
42:23 Fortified Wall
42:23 Masonry
43:16 Coinage
44:06 Wagenburg Tactics
44:57 Padded Archer Armor
44:59 Scale Mail Armor
46:53 Guilds
47:14 Banking
47:20 Leather Archer Armor
54:45 Elite Skirmisher
60:30 Banking
60:57 Medium Warships
Kr4mer
7:48 Wheelbarrow
12:26 Feudal Age
11:57 Double-Bit Axe
17:49 Castle Age
16:21 Fishing Lines
17:52 Bow Saw
17:48 Gillnets
22:33 Stone Mining
24:39 Stone Shaft Mining
23:57 Gold Mining
24:49 Town Watch
24:53 Loom
28:07 Imperial Age
27:51 Treadmill Crane
29:50 Chemistry
28:59 Padded Archer Armor
29:52 Conscription
29:42 Burgundian Vineyards
29:11 Onager
29:45 Horse Collar
31:13 Heavy Plow
33:02 Masonry
34:59 Architecture
35:25 Hand Cart
38:22 Caravan
40:06 Burgundian Vineyards
42:46 Leather Archer Armor
46:08 Elite Skirmisher
47:43 Fletching
48:30 Ballistics
48:49 Bodkin Arrow
49:33 Bracer
51:07 Coinage
59:36 Two-Man Saw
62:08 Scale Mail Armor
62:18 Forging
62:13 Scale Barding Armor
63:17 Squires
63:03 Arson
64:03 Chain Mail Armor
64:24 Iron Casting
65:15 Plate Mail Armor
65:40 Capped Ram
68:08 Blast Furnace
Freakadele
0:31 Loom
16:01 Feudal Age
21:29 Castle Age
21:09 Double-Bit Axe
23:20 Bow Saw
26:06 Horse Collar
29:02 Wheelbarrow
34:11 Imperial Age
31:54 Heavy Plow
32:26 Hand Cart
32:10 Light Cavalry
33:01 Bloodlines
32:52 Gold Mining
33:12 Scale Barding Armor
33:54 Devotion
33:58 Husbandry
35:04 Chain Barding Armor
34:59 Forging
34:41 Cavalier
37:20 Plate Barding Armor
37:06 Hussar
38:47 Iron Casting
42:08 Heavy Scorpion
42:27 Elite Battle Elephant
44:50 Chemistry
44:11 Ballistics
47:27 Town Watch
48:39 Double Crossbow
49:18 Fletching
49:54 Bodkin Arrow
54:22 Blast Furnace
53:59 Bracer
54:15 Onager
55:03 Capped Ram
56:17 Siege Ram
61:13 Scale Mail Armor
63:29 Caravan
65:51 Coinage
65:51 Coinage
[Nors] OG DADDY
0:27 Loom
17:12 Feudal Age
22:00 Castle Age
21:16 Fishing Lines
21:45 Double-Bit Axe
23:22 Gillnets
23:43 Bow Saw
23:30 Town Watch
24:21 Wheelbarrow
28:47 Fortified Wall
29:18 Horse Collar
35:00 Imperial Age
35:25 Heavy Rocket Cart
36:13 Scale Mail Armor
36:23 Forging
37:24 Chain Mail Armor
37:11 Squires
36:34 Pikeman
37:12 Fletching
38:25 Iron Casting
38:37 Rocketry
39:22 Plate Mail Armor
38:39 Halberdier
39:49 Guard Tower
40:19 Ballistics
41:00 Chemistry
39:57 Bodkin Arrow
42:00 Blast Furnace
41:39 Gold Mining
41:40 Stone Mining
42:36 Conscription
42:18 Great Wall
43:00 Gold Shaft Mining
44:04 Caravan
46:20 Chemistry
46:48 Two-Man Saw
45:50 Heavy Plow
46:11 Hand Cart
48:00 Coinage
50:43 Banking
50:38 Bracer
50:49 Masonry
50:26 Arrowslits
54:38 Keep
58:36 Architecture
[Nors] Laksen ><(((º>
7:35 Loom
11:40 Feudal Age
13:11 Double-Bit Axe
15:52 Castle Age
15:35 Fishing Lines
16:50 Bow Saw
21:56 Wheelbarrow
21:39 Gillnets
22:06 Horse Collar
24:33 Gold Mining
25:00 Hand Cart
29:08 Imperial Age
28:51 Fletching
29:01 Padded Archer Armor
29:43 Ballistics
29:04 Treadmill Crane
28:57 Pikeman
28:59 Elite Skirmisher
28:59 Crossbowman
29:45 Thumb Ring
29:42 Bodkin Arrow
30:25 Siege Engineers
31:21 Chemistry
30:38 Bracer
30:09 Arbalester
30:57 Town Watch
31:57 Illumination
32:03 Leather Archer Armor
33:41 Ring Archer Armor
35:04 Town Patrol
36:57 Conscription
37:44 Bolt Magazine
41:16 Elite White Feather Guard
41:40 Elite Skirmisher
45:11 Medium Warships
47:38 Caravan
53:04 Coiled Serpent Array
53:07 Squires
52:28 Halberdier
53:35 Heavy Warships
67:33 Two-Man Saw
[Nors]Zanato
0:51 Loom
9:17 Feudal Age
12:39 Double-Bit Axe
16:16 Fletching
17:04 Fishing Lines
19:49 Horse Collar
24:37 Castle Age
26:37 Heavy Plow
27:24 Town Watch
31:48 Imperial Age
33:33 Chemistry
32:54 Bow Saw
34:11 Devotion
35:06 Fortified Wall
41:06 Wheelbarrow
43:52 Treadmill Crane
45:07 Caravan
45:38 Coinage
46:12 Elite Skirmisher
47:05 Forging
47:24 Thumb Ring
47:30 Bodkin Arrow
49:02 Bracer
49:02 Padded Archer Armor
51:59 Siege Engineers
52:29 Arquebus
54:28 Leather Archer Armor
56:47 Two-Man Saw
[Nors] ImSimon
11:09 Feudal Age
14:49 Castle Age
12:58 Fishing Lines
13:00 Horse Collar
18:13 Gillnets
18:22 Gold Mining
18:38 Loom
20:38 Sanctity
21:23 Redemption
22:16 Fervor
24:28 Town Watch
25:18 Wheelbarrow
24:35 Gold Mining
24:36 Stone Mining
25:23 Horse Collar
26:24 Hand Cart
30:08 Imperial Age
28:25 Gold Shaft Mining
29:08 Padded Archer Armor
31:58 Chemistry
31:19 Ballistics
31:04 Onager
32:23 Block Printing
32:34 Illumination
32:45 Theocracy
32:22 Fervor
32:38 Bloodlines
32:28 Husbandry
31:49 Light Cavalry
32:43 Masonry
33:00 Conscription
33:03 Siege Engineers
33:13 Masonry
33:42 Devotion
34:56 Faith
34:07 Elite Arambai
36:17 Ballistics
36:46 Fletching
37:27 Architecture
37:41 Bodkin Arrow
37:50 Man-at-Arms
38:16 Gambesons
38:31 Squires
38:16 Arson
38:42 Scale Mail Armor
39:04 Heavy Plow
38:35 Long Swordsman
39:31 Chain Mail Armor
39:26 Forging
39:42 Two-Handed Swordsman
40:53 Plate Mail Armor
40:46 Clinker Construction
41:09 Crop Rotation
41:06 Caravan
40:47 Champion
42:31 Iron Casting
42:31 Bracer
44:26 Blast Furnace
Connection lost

Rejoining the realm…

Still unreachable

The connection could not be restored.

Session expired

The server has moved on; the page needs a fresh start.